 Dungeon Crawl Stone Soup version 0.31.0-9-g3a7656b989 (webtiles) character file.

Game seed: 857838233592646211

380 qw the Skirmisher (level 6, 0/35 HPs)
             Began as a Deep Elf Hunter on Feb 2, 2024.
             Slain by a bullfrog (7 damage)
             ... in a sewer.
             The game lasted 00:00:12 (2433 turns).

qw the Skirmisher (Deep Elf Hunter)                 Turns: 2433, Time: 00:00:13

Health: 0/35       AC:  7    Str: 10    XL:     6   Next: 46%
Magic:  8/8        EV: 11    Int: 14    God:
Gold:   174        SH:  0    Dex: 18    Spells: 5/5 levels left

rFire   . . .        a - +1 shortbow
rCold   . . .        (shield currently unavailable)
rNeg    . . .        h - +0 ring mail
rPois   .            (no helmet)
rElec   .            g - +1 cloak
rCorr   .            (no gloves)
SInv    .            (no boots)
Will    .....        (no amulet)
Stlth   +            (no ring)
HPRegen 0.25/turn    (no ring)
MPRegen 0.11/turn

%: no passive effects
@: about to teleport
A: no striking features
a: no special abilities


You were in a sewer.
You visited 1 branch of the dungeon, and saw 4 of its levels.
You also visited: Sewer.

You collected 174 gold pieces.


   Skills:
 - Level 2.0 Fighting
 - Level 10.0 Ranged Weapons
 + Level 2.8 Dodging
 - Level 1.2 Stealth


You had 5 spell levels left.
You didn't know any spells.
Your spell library was empty.

Inventory:

Hand Weapons
 a - a +1 shortbow (weapon)
Armour
 g - a +1 cloak (worn)
 h - a +0 ring mail (worn)
Wands
 i - a wand of iceblast (11)
Scrolls
 f - 2 scrolls of teleportation
Potions
 e - a potion of lignification {unknown}
 j - a potion of magic {unknown}

Dungeon Overview and Level Annotations

Branches:
Dungeon (4/15)              Sewer (1/1)
 Temple: D:4-7

Altars:


Message History

You shoot an arrow. The arrow misses the adder.
The adder bites you but does no damage. The bullfrog barely misses you.
You shoot an arrow. The arrow completely misses the adder.
The bullfrog misses you. The bullfrog hits you.
The adder bites you but does no damage. The bullfrog closely misses you.
The bullfrog hits you. The adder barely misses you.
You shoot an arrow. The arrow hits the adder.
The adder is severely wounded.
The bullfrog misses you. The bullfrog completely misses you.
The adder barely misses you.
You shoot an arrow. The arrow hits the adder!
You kill the adder!
The bullfrog hits you. The bullfrog barely misses you. The bullfrog misses you.
The bullfrog barely misses you.
You shoot an arrow.
The arrow hits the bullfrog but does no damage.
The bullfrog hits you.
The bullfrog hits you but does no damage.
You shoot an arrow. The arrow hits the bullfrog.
The bullfrog is lightly wounded.
The bullfrog hits you but does no damage.
The bullfrog misses you. The bullfrog completely misses you.
The bullfrog hits you!
You shoot an arrow. The arrow hits the bullfrog!
The bullfrog is heavily wounded.
The bullfrog closely misses you. x2
You shoot an arrow. The arrow barely misses the bullfrog.
The bullfrog hits you. The bullfrog barely misses you.
The bullfrog hits you. x2
You shoot an arrow. The arrow hits the bullfrog.
The bullfrog is severely wounded.
The bullfrog hits you but does no damage.
The bullfrog hits you.
The bullfrog hits you but does no damage.
2433 ||| READING 3 scrolls of teleportation.
As you read the scroll of teleportation, it crumbles to dust.
You feel strangely unstable. The bullfrog hits you.
The bullfrog hits you but does no damage.
The bullfrog hits you!
You die...

#~...~#####..~~~##
#~~~###.~.###~~~~#
##~~##~~.~.~~##~~~#
##~~##~~.~~~~~~##%%##
#~.%~%~.%~~...~~#~~~#
#~~.~.#######.~.##~~#
#######~###~~~~~##~~~#~%##
#~~~.~###~~~~~~~~##~~#~..#
#~.~~~#.%%.@F~..~~#~~##~~#
#~..~.#..##%F.?.~~##~~#~.#
#~~#~~#~.#~~~$[|.~~#%~#~~#
#~%#~~#~~#~~~~[[.~~#.~#~~#
#~%#~##~~#~~~..?~.~#~~#~.#
#~.#.#~~~#~~~~~.~~~#~~#..#
#~~#~#\..#~.~~~~~~~#~~#.~#
#~.#~#~~.##~..~~~~##~~#%~#
#~.#%###~~# #~~##~~#


You could see 2 bullfrogs.

Vanquished Creatures
  Menkaure (D:4)
  A bombardier beetle (D:4)
  9 adders
  2 ribbon worms (D:2)
  14 dart slugs
  21 ball pythons
  11 endoplasms
  14 giant cockroaches
  4 goblins
  9 hobgoblins
  4 jackals (D:1)
  4 quokkas
  4 bats
  9 frilled lizards
  4 kobolds
  5 rats
116 creatures vanquished.

Notes
Turn   | Place    | Note
-------+----------+-------------------------------------------
     0 | D:1      | qw the Deep Elf Hunter began the quest for the Orb.
     0 | D:1      | Reached XP level 1. HP: 12/12 MP: 3/3
     0 | D:1      | 0 ||| qw: Version: 0.3-a-155-g5e7d8dd
     0 | D:1      | 0 ||| qw: Game counter: 1503
     0 | D:1      | 0 ||| qw: Melee chars always use a shield: true
     0 | D:1      | 0 ||| qw: God list: Okawaru
     0 | D:1      | 0 ||| qw: Allow faded altars: false
     0 | D:1      | 0 ||| qw: Do Orc after clearing Dungeon:15 true
     0 | D:1      | 0 ||| qw: Do second Lair branch before Depths: true
     0 | D:1      | 0 ||| qw: Lair rune preference: random
     0 | D:1      | 0 ||| qw: Goals: Normal
     0 | D:1      | 0 ||| PLANNING D:1-11
   215 | D:1      | Reached XP level 2. HP: 16/16 MP: 4/4
   223 | D:1      | Reached skill level 6 in Ranged Weapons
   760 | D:1      | Reached XP level 3. HP: 20/20 MP: 5/5
   813 | D:1      | 813 ||| UPGRADING to +0 ring mail.
   823 | D:1      | 823 ||| DROPPING +0 leather armour.
   824 | D:1      | 824 ||| READING 2 scrolls labelled RISALU FIPNEPH.
   825 | D:1      | 825 ||| READING scroll labelled LIODON TOPLITS.
   825 | D:1      | 825 ||| IDENTIFYING scroll labelled DYDECZ AMEI
   826 | D:1      | 826 ||| READING 2 scrolls labelled BEFIYD ZUEFUDGH.
   830 | D:1      | 830 ||| DROPPING scroll of butterflies.
   831 | D:1      | 831 ||| DROPPING scroll of poison.
   832 | D:1      | 832 ||| DROPPING scroll of blinking.
   968 | D:2      | Reached skill level 7 in Ranged Weapons
  1062 | D:2      | Found a faded altar of an unknown god.
  1180 | D:2      | You fall into a shaft and drop 2 floors!
  1207 | D:4      | Noticed Menkaure
  1211 | D:4      | Killed Menkaure
  1212 | D:4      | Reached skill level 8 in Ranged Weapons
  1212 | D:4      | Reached XP level 4. HP: 15/25 MP: 6/6
  1212 | D:4      | Reached XP level 5. HP: 17/29 MP: 7/7
  1402 | D:4      | Reached skill level 9 in Ranged Weapons
  1463 | D:4      | 1463 ||| UPGRADING to +0 cloak.
  1468 | D:4      | 1468 ||| READING scroll of identify.
  1468 | D:4      | 1468 ||| IDENTIFYING black potion
  1469 | D:4      | 1469 ||| READING scroll labelled YNGIDY LESTODAI.
  1520 | D:4      | 1520 ||| READING scroll labelled FIKIMY ZAUTS.
  1520 | D:4      | 1520 ||| ENCHANTING +0 cloak.
  1521 | D:4      | 1521 ||| DROPPING potion of degeneration.
  1528 | D:3      | 1528 ||| PLANNING SEWER
  2053 | D:3      | Found a glowing drain.
  2055 | D:3      | 2055 ||| READING scroll of identify.
  2055 | D:3      | 2055 ||| IDENTIFYING dark potion
  2056 | D:3      | 2056 ||| READING scroll labelled ETOAGIANUA.
  2056 | D:3      | 2056 ||| ENCHANTING +0 shortbow.
  2057 | D:3      | 2057 ||| DROPPING potion of attraction.
  2063 | Sewer    | Entered a sewer
  2130 | Sewer    | Reached XP level 6. HP: 35/35 MP: 8/8
  2353 | Sewer    | Reached skill level 10 in Ranged Weapons
  2432 | Sewer    | HP: 8/35 [bullfrog (5)]
  2433 | Sewer    | 2433 ||| READING 3 scrolls of teleportation.
  2433 | Sewer    | Slain by a bullfrog

Levels and vault maps discovered:
D:1:      lightli_arrival_isolated_outpost, layout_basic
D:2:      layout_basic, ebering_ecumenical_altar_webs, uniq_crazy_yiuf_cottage
D:3:      layout_loops_ring, gup_sewer_entry_pipe,
          chequers_serial_rivers_room_a, kennysheep_generic_room_11, uniq_ijyb
D:4:      minmay_opposing_rooms, layout_loops_ring, uniq_menkaure
Sewer:    sewer_frog_island_02

Skill      XL: |  1  2  3  4  5  6 |
---------------+-------------------+-----
Ranged Weapons | 6 8 9 10 | 10.0
Fighting       | 2 |  2.0
Dodging        | |  2.8
Stealth        | |  1.2

Action                     |  1- 3 |  4- 6 || total
---------------------------+-------+-------++-------
   Fire: Shortbow          |   108 |   249 ||   357
    Use: Scroll            |     3 |     6 ||     9
 Armour: Leather armour    |     8 |       ||     8
         Ring mail         |    11 |    66 ||    77
  Dodge: Dodged            |    16 |    54 ||    70

Table legend:
 A = Non-vault XP
 B = Vault XP
 C = Vault XP percentage of total XP
 D = Non-vault monster count
 E = Vault monster count
 F = Vault count percentage of total count
                 A         B        C        D         E       F
            +---------+---------+-------+---------+---------+-------
      Total |     165 |     379 |  69.7 |      54 |      62 |  53.4
            +---------+---------+-------+---------+---------+-------
        D:1 |      44 |       0 |   0.0 |      24 |       0 |   0.0
        D:2 |      33 |       0 |   0.0 |      16 |       0 |   0.0
        D:3 |      36 |      12 |  25.0 |       7 |       6 |  46.2
        D:4 |      52 |     169 |  76.5 |       7 |       3 |  30.0
      Sewer |       0 |     198 | 100.0 |       0 |      53 | 100.0
            +---------+---------+-------+---------+---------+-------
